 Dungeon Crawl Stone Soup version 0.30-a0-134-gb40fab5c76 (webtiles) character file.

Game seed: 5428102786623072667

82 funkygono the Firebug (level 4, -2/23 (30) HPs)
             Began as a Demonspawn Fire Elementalist on Sept 19, 2022.
             Slain by Terence
             ... wielding a +2 hand axe of draining
              (4 damage)
             ... on level 2 of the Dungeon.
             The game lasted 00:02:35 (1770 turns).

funkygono the Firebug (DsFE)                        Turns: 1770, Time: 00:02:36

HP:   -2/23 (30)    AC:  2    Str:  8    XL:     4   Next: 21%
MP:   0/8           EV: 12    Int: 18    God:
Gold: 103           SH:  4    Dex: 14    Spells: 5/8 levels left

rFire   . . .      SeeInvis .    k - +0 short sword (speed)
rCold   . . .      Faith    .    (no shield)
rNeg    . . .      Spirit   .    a - +0 robe
rPois   .          Reflect  .    (no helmet)
rElec   .          Harm     .    (no cloak)
rCorr   .          Rampage  .    (no gloves)
Will    .....                    (no boots)
Stlth   ++........               (no amulet)
HPRegen 0.07/turn                (no ring)
MPRegen 0.11/turn                (no ring)

@: heavily drained
A: large bone plates 1, demonic magic 2
a: no special abilities


You were on level 2 of the Dungeon.
You visited 1 branch of the dungeon, and saw 2 of its levels.

You collected 103 gold pieces.

Inventory:

Hand Weapons
 f - a +0 dagger
 k - a +0 short sword of speed (weapon)
Armour
 a - a +0 robe (worn)
Scrolls
 e - a scroll of amnesia {unknown}
 g - a scroll of noise {unknown}
 h - a scroll of enchant armour {unknown}
 i - 2 scrolls of blinking {unknown}
 j - 2 scrolls of teleportation {unknown}
 m - a scroll of fog {unknown}
Potions
 b - a potion of magic
 c - a potion of heal wounds {unknown}
 d - 2 potions of haste {unknown}
 l - a potion of attraction {unknown}
 n - a potion of cancellation {unknown}


   Skills:
 + Level 2.0 Dodging
 - Level 1.7 Stealth
 + Level 2.8 Spellcasting
 + Level 1.5 Conjurations
 + Level 3.8 Fire Magic


You had 5 spell levels left.
You knew the following spells:

 Your Spells              Type           Power      Damage    Failure   Level
a - Foxfire               Conj/Fire      48%        2x1d6     5%          1
b - Scorch                Fire           32%        2d7       5%          2

Your spell library contained the following spells:

 Spells                   Type           Power      Damage    Failure   Level
 Magic Dart               Conj           32%        1d4       9%          1
 Searing Ray              Conj           16%        2d5       13%         2
 Inner Flame              Hex/Fire       9%         N/A       22%         3
 Kindle Blastsparks       Fire/Tloc/Air  14%        2d11      30%         3
 Flame Wave               Conj/Fire      12%        2d6       50%         4
 Fulminant Prism          Conj/Hex       2%         3d6       77%         4


Dungeon Overview and Level Annotations

Branches:
Dungeon (2/15)

Altars:

Annotations:
D:2 Terence


Innate Abilities, Weirdness & Mutations

You are partially covered in large bone plates. (SH +4)
Spells you cast may paralyse nearby enemies.


Message History

Terence hits you with a +2 hand axe of draining.
You feel drained.
You closely miss Terence.
Terence is almost dead.
Terence hits you with a +2 hand axe of draining.
You feel drained.
You hit Terence but do no damage.
Terence is almost dead.
Terence asks, "Do you want it fast or slow?"
You block Terence's attack.
You hit Terence but do no damage.
Terence is almost dead.
You hit Terence but do no damage.
Terence is almost dead.
Terence barely misses you.
You hit Terence but do no damage.
Terence is almost dead.
You barely miss Terence.
Terence is almost dead.
Terence closely misses you.
You hit Terence but do no damage.
Terence is almost dead.
Terence hits you with a +2 hand axe of draining.
You feel drained.
You barely miss Terence.
Terence is almost dead.
You hit Terence.
Terence is almost dead.
Terence hits you with a +2 hand axe of draining.
You feel drained.
You closely miss Terence.
Terence is almost dead.
Terence completely misses you.
Casting: Foxfire (safe; 5% risk of failure)
Confirm with . or Enter, or press ? or * to list all spells.
You conjure some foxfire!
Malevolent energies surge around you.
Terence hits you with a +2 hand axe of draining!
* * * LOW HITPOINT WARNING * * *
You feel drained.
You die...

##.§###..##########
##..## ##..## #
#..†^###....# #
#.#...#...#... #
####.....###.. #
##._.## # ##
##..††.#### #
...#..#v..#...#.# #
..)...@@.###....# #
...###v.## ##..## #
##.. #..## #.#+
#### ... ... ....
## ..... #. #.


You could see Terence (ally target).

Vanquished Creatures
  5 adders (D:2)
  A worm (D:2)
  A dart slug (D:1)
  5 ball pythons
  6 endoplasms
  4 goblins
  A hobgoblin (D:1)
  2 jackals (D:1)
  2 bats (D:2)
  4 frilled lizards
  2 kobolds
  A rat (D:2)
34 creatures vanquished.

Vanquished Creatures (others)
  104 foxfires
104 creatures vanquished.

Grand Total: 138 creatures vanquished

Notes
Turn   | Place    | Note
-------+----------+-------------------------------------------
     0 | D:1      | funkygono the Demonspawn Fire Elementalist began the quest
                  | for the Orb.
     0 | D:1      | Reached XP level 1. HP: 13/13 MP: 3/3
   373 | D:1      | Reached skill level 3 in Fire Magic
   580 | D:1      | Gained mutation: Spells you cast may paralyse adjacent
                  | enemies. [demonic ancestry]
   580 | D:1      | Reached XP level 2. HP: 19/19 MP: 1/5
   705 | D:1      | Learned a level 2 spell: Scorch
  1274 | D:2      | Gained mutation: Spells you cast may paralyse nearby
                  | enemies. [demonic ancestry]
  1274 | D:2      | Reached XP level 3. HP: 24/24 MP: 1/6
  1650 | D:2      | Found a faded altar of an unknown god.
  1660 | D:2      | Gained mutation: You are partially covered in large bone
                  | plates. (SH +4) [demonic ancestry]
  1660 | D:2      | Reached XP level 4. HP: 30/30 MP: 0/8
  1749 | D:2      | Noticed Terence
  1770 | D:2      | Slain by Terence

Illustrated notes

Levels and vault maps discovered:
D:1:      matt_arrival_refuge, layout_basic, serial_glass, glass_columns_a,
          glass_columns_c
D:2:      layout_basic, nicolae_ecumenical_snake_handling, minmay_pentomino_x4,
          uniq_terence

Skill      XL: |  1  2  3 |
---------------+----------+-----
Fire Magic     | 3 |  3.8
Dodging        | 2 |  2.0
Stealth        | |  1.7
Spellcasting   | |  2.8
Conjurations   | |  1.5

Action                   |  1- 3 |  4- 6 || total
-------------------------+-------+-------++-------
Melee: Dagger            |     6 |       ||     6
       Short sword       |     4 |    18 ||    22
 Cast: Foxfire           |    52 |     8 ||    60
       Scorch            |     3 |     1 ||     4
 Stab: Paralysed         |     3 |     1 ||     4
Dodge: Dodged            |     8 |     5 ||    13
Block: Other             |       |     1 ||     1

Table legend: (Time is in decaauts)
 A = Elapsed time spent in this place.
 B = Non-inter-level travel time spent in this place.
 C = Inter-level travel time spent in this place.
 D = Time resting spent in this place.
 E = Time spent auto-exploring this place.
 F = Levels seen in this place.
 G = Mean time per level.
                   A        B        C        D        E       F      G
               +--------+--------+--------+--------+--------+-----+--------+
         Total |   1761 |   1749 |     12 |      0 |   1517 |   2 |  880.5 |
       Dungeon |   1761 |   1749 |     12 |      0 |   1517 |   2 |  880.5 |
               +--------+--------+--------+--------+--------+-----+--------+

Top non-repeatable levels by time:
     D:1: 963 daAuts
     D:2: 797 daAuts
